PA
GALESBURG GUZZLERS @ ATHLETIC CLUB KC U-21
07/21/2023
 
TOP OF THE 1ST
Galesburg Guzzlers batting - Pitching for Athletic Club KC U-21 : RHP Juan Gusmán
Pitching: RHP Juan Gusmán
Batting: RHB Roland Deschain 0-0: Ball
1-0: Foul Ball, location: 2F
1-1: Foul Ball, location: 2F
1-2: Ball
2-2: SINGLE (Groundball, 6M)
Batting: RHB Fernando Rivera 0-0: Called Strike
0-1: Ball
1-1: Called Strike
1-2: Strikes out swinging
Batting: RHB Javier De Jesús 0-0: Called Strike
0-1: Foul Ball, location: 2F
0-2: Ball
1-2: Strikes out swinging
Batting: LHB Chris Etheridge 0-0: Called Strike
Roland Deschain is caught stealing 2nd base
Top of the 1st over - 0 run(s), 1 hit(s), 0 error(s), 0 left on base; Galesburg 0 - Athletic Club KC 0
BOTTOM OF THE 1ST
Athletic Club KC U-21 batting - Pitching for Galesburg Guzzlers : RHP Fernando Ramírez
Pitching: RHP Fernando Ramírez
Batting: RHB Alfonso Ciucio 0-0: Called Strike
0-1: Ball
1-1: Called Strike
1-2: Ball
2-2: Ground out 1-3 (Groundball, 25)
Batting: RHB Felipe Pabalate 0-0: Ball
1-0: Called Strike
1-1: Ball
2-1: SINGLE (Flyball, 4MD) - OUT at second base trying to stretch hit.
Batting: LHB Manuel Domínguez 0-0: Called Strike
0-1: Called Strike
0-2: Ball
1-2: Ball
2-2: Ground out 1-3 (Groundball, 15)
Bottom of the 1st over - 0 run(s), 1 hit(s), 0 error(s), 0 left on base; Galesburg 0 - Athletic Club KC 0
TOP OF THE 2ND
Galesburg Guzzlers batting - Pitching for Athletic Club KC U-21 : RHP Juan Gusmán
Batting: LHB Chris Etheridge 0-0: Called Strike
0-1: Called Strike
0-2: SINGLE (Line Drive, 8RS)
Batting: RHB Frank Crocker 0-0: Ball
1-0: Ball
2-0: SINGLE (Flyball, 78M)
Chris Etheridge to second
Batting: RHB Carlos Cardona 0-0: Foul Ball, location: 2F
0-1: Foul Ball, location: 2F
0-2: Foul Ball, location: 2F
0-2: Ball
1-2: Ball
2-2: Strikes out swinging
Batting: RHB Gabrio Campoverde 0-0: Foul Ball, location: 2F
0-1: Fielders Choice at 2nd, 1-6 (Groundball, 13S)
Chris Etheridge to third
Batting: RHB Pierre Bernard 0-0: Called Strike
0-1: Fly out, F8 (Flyball, 8RM)
Top of the 2nd over - 0 run(s), 2 hit(s), 0 error(s), 2 left on base; Galesburg 0 - Athletic Club KC 0
BOTTOM OF THE 2ND
Athletic Club KC U-21 batting - Pitching for Galesburg Guzzlers : RHP Fernando Ramírez
Batting: LHB Naohiro Sakai 0-0: Ball
1-0: Called Strike
1-1: Ball
2-1: SINGLE (Line Drive, 34D)
Batting: RHB Diego Bonilla 0-0: Ball
1-0: Foul Ball, location: 2F
1-1: Called Strike
1-2: Grounds into double play, U4-3 (Groundball, 4)
Batting: LHB Tony García 0-0: Ball
1-0: Ball
2-0: Ball
3-0: Called Strike
3-1: Base on Balls
Batting: RHB Iván Chacón 0-0: Ball
1-0: Foul Ball, location: 2F
1-1: Ball
2-1: Ball
3-1: Fly out, F8 (Flyball, 8RM)
Bottom of the 2nd over - 0 run(s), 1 hit(s), 0 error(s), 1 left on base; Galesburg 0 - Athletic Club KC 0
TOP OF THE 3RD
Galesburg Guzzlers batting - Pitching for Athletic Club KC U-21 : RHP Juan Gusmán
Batting: RHB Toussiant L'Ouverture 0-0: Called Strike
0-1: Fly out, F6 (Line Drive, 6M)
Batting: RHB Roland Deschain 0-0: Ground out U3 (Groundball, 3S)
Batting: RHB Fernando Rivera 0-0: Ball
1-0: Ground out 6-3 (Groundball, 6)
Top of the 3rd over - 0 run(s), 0 hit(s), 0 error(s), 0 left on base; Galesburg 0 - Athletic Club KC 0
BOTTOM OF THE 3RD
Athletic Club KC U-21 batting - Pitching for Galesburg Guzzlers : RHP Fernando Ramírez
Batting: RHB Pedro Silva 0-0: Foul Ball, location: 2F
0-1: SINGLE (Groundball, 56D)
Batting: RHB Altifício Azor 0-0: Ball
1-0: Ball
2-0: Called Strike
2-1: Called Strike
2-2: Fly out, F9 (Flyball, 9M)
Batting: RHB Alfonso Ciucio 0-0: Foul Ball, location: 2F
0-1: Called Strike
0-2: Strikes out swinging
Batting: RHB Felipe Pabalate 0-0: Called Strike
0-1: Ball
1-1: Ball
2-1: Fly out, F8 (Flyball, 8RM)
Bottom of the 3rd over - 0 run(s), 1 hit(s), 0 error(s), 1 left on base; Galesburg 0 - Athletic Club KC 0
TOP OF THE 4TH
Galesburg Guzzlers batting - Pitching for Athletic Club KC U-21 : RHP Juan Gusmán
Batting: RHB Javier De Jesús 0-0: Ball
1-0: Ball
2-0: Called Strike
2-1: Swinging Strike
2-2: Ball
3-2: Base on Balls
Batting: LHB Chris Etheridge 0-0: Called Strike
0-1: Foul Ball, location: 2F
0-2: Strikes out swinging
Batting: RHB Frank Crocker 0-0: Called Strike
0-1: Ball
1-1: Called Strike
1-2: Ball
2-2: Ball
3-2: Base on Balls
Javier De Jesús to second
Batting: RHB Carlos Cardona 0-0: Called Strike
0-1: Called Strike
Javier De Jesús steals 3rd base
Frank Crocker to second
0-2: Strikes out swinging
Batting: RHB Gabrio Campoverde 0-0: Fly out, F7 (Flyball, 78S)
Top of the 4th over - 0 run(s), 0 hit(s), 0 error(s), 2 left on base; Galesburg 0 - Athletic Club KC 0
BOTTOM OF THE 4TH
Athletic Club KC U-21 batting - Pitching for Galesburg Guzzlers : RHP Fernando Ramírez
Batting: LHB Manuel Domínguez 0-0: Ball
1-0: Foul Ball, location: 2F
1-1: Ball
2-1: Reached on error, E6 (Groundball, 6M)
Batting: LHB Naohiro Sakai 0-0: Ball
1-0: Ball
2-0: Ball
3-0: Called Strike
3-1: Swinging Strike
3-2: Foul Ball, location: 2F
3-2: Strikes out swinging
Batting: RHB Diego Bonilla 0-0: Swinging Strike
0-1: Called Strike
0-2: Fly out, F8 (Flyball, 8LM)
0-2: Fly out, F8 (Flyball, 8LM)
Batting: LHB Tony García 0-0: Ball
1-0: Called Strike
1-1: Fly out, F6 (Popup, 56D)
Bottom of the 4th over - 0 run(s), 0 hit(s), 1 error(s), 1 left on base; Galesburg 0 - Athletic Club KC 0
TOP OF THE 5TH
Galesburg Guzzlers batting - Pitching for Athletic Club KC U-21 : RHP Juan Gusmán
Batting: RHB Pierre Bernard 0-0: Called Strike
0-1: Foul Ball, location: 2F
0-2: Ball
1-2: Ball
2-2: Ball
3-2: Strikes out swinging
Batting: RHB Toussiant L'Ouverture 0-0: Ball
1-0: Ball
2-0: Called Strike
2-1: Called Strike
2-2: Strikes out looking
Batting: RHB Roland Deschain 0-0: Called Strike
0-1: Foul Ball, location: 2F
0-2: Strikes out swinging
Top of the 5th over - 0 run(s), 0 hit(s), 0 error(s), 0 left on base; Galesburg 0 - Athletic Club KC 0
BOTTOM OF THE 5TH
Athletic Club KC U-21 batting - Pitching for Galesburg Guzzlers : RHP Fernando Ramírez
Batting: RHB Iván Chacón 0-0: Ball
1-0: Ball
2-0: Ball
3-0: Called Strike
3-1: Foul Ball, location: 2F
3-2: Foul Ball, location: 2F
3-2: SINGLE (Line Drive, 89S)
Batting: RHB Pedro Silva 0-0: Sac Bunt - play at first, batter OUT! 2-3
Iván Chacón to second
Batting: RHB Altifício Azor 0-0: Called Strike
0-1: Called Strike
0-2: Ground out 4-3 (Groundball, 4)
Iván Chacón to third
Batting: RHB Alfonso Ciucio 0-0: Called Strike
0-1: Ball
1-1: Swinging Strike
1-2: Fly out, F8 (Flyball, 8RM)
Bottom of the 5th over - 0 run(s), 1 hit(s), 0 error(s), 1 left on base; Galesburg 0 - Athletic Club KC 0
TOP OF THE 6TH
Galesburg Guzzlers batting - Pitching for Athletic Club KC U-21 : RHP Juan Gusmán
Batting: RHB Fernando Rivera 0-0: Ball
1-0: Foul Ball, location: 2F
1-1: Called Strike
1-2: Foul Ball, location: 2F
1-2: Strikes out swinging
Batting: RHB Javier De Jesús 0-0: Ball
1-0: Ground out 4-3 (Groundball, 4M)
Batting: LHB Chris Etheridge 0-0: Called Strike
0-1: Foul Ball, location: 2F
0-2: Ball
1-2: Foul Ball, location: 2F
1-2: Foul Ball, location: 2F
1-2: Foul Ball, location: 2F
1-2: Ball
2-2: SINGLE (Groundball, 34D)
Batting: RHB Frank Crocker 0-0: Foul Ball, location: 2F
0-1: Foul Ball, location: 2F
0-2: Foul Ball, location: 2F
0-2: Ball
1-2: Fly out, F9 (Flyball, 9M)
Top of the 6th over - 0 run(s), 1 hit(s), 0 error(s), 1 left on base; Galesburg 0 - Athletic Club KC 0
BOTTOM OF THE 6TH
Athletic Club KC U-21 batting - Pitching for Galesburg Guzzlers : RHP Fernando Ramírez
Batting: RHB Felipe Pabalate 0-0: Ball
1-0: Ball
2-0: Swinging Strike
2-1: Ground out 1-3 (Groundball, 13)
Batting: LHB Manuel Domínguez 0-0: Called Strike
0-1: Called Strike
0-2: Fly out, F9 (Flyball, 89S)
Batting: LHB Naohiro Sakai 0-0: Foul Ball, location: 2F
0-1: Ball
1-1: Ground out 4-3 (Groundball, 4)
Bottom of the 6th over - 0 run(s), 0 hit(s), 0 error(s), 0 left on base; Galesburg 0 - Athletic Club KC 0
TOP OF THE 7TH
Galesburg Guzzlers batting - Pitching for Athletic Club KC U-21 : RHP Juan Gusmán
Batting: RHB Carlos Cardona 0-0: Ball
1-0: Fly out, F8 (Flyball, 8RM)
Pinch Hitting: RHB Mark Vidal 0-0: Ground out 5-3 (Groundball, 56)
Pinch Hitting: RHB Javier Vásquez 0-0: Called Strike
0-1: Foul Ball, location: 2F
0-2: Ball
1-2: Strikes out swinging
Top of the 7th over - 0 run(s), 0 hit(s), 0 error(s), 0 left on base; Galesburg 0 - Athletic Club KC 0
BOTTOM OF THE 7TH
Athletic Club KC U-21 batting - Pitching for Galesburg Guzzlers : RHP Fernando Ramírez
Now at 2B: Mark Vidal
Now in CF: José Díaz
Batting: RHB Diego Bonilla 0-0: Swinging Strike
0-1: SINGLE (Line Drive, 4M)
Batting: LHB Tony García 0-0: Ball
1-0: Bunted foul
1-1: Sac Bunt - play at first, batter OUT! 1-4
Diego Bonilla to second
Pinch Hitting: SHB Sang-your Yu 0-0: Intentional Walk
Batting: RHB Pedro Silva 0-0: Ball
Diego Bonilla steals 3rd base
Sang-your Yu to second
1-0: Swinging Strike
1-1: Called Strike
1-2: Ball
2-2: Ball
3-2: Fly out, F8 (Flyball, 8LM)
Runner from 3rd tags up, SCORES, no throw
Pitching: LHP Jim Unknown
Batting: RHB Altifício Azor 0-0: Called Strike
0-1: Swinging Strike
0-2: Ball
1-2: Foul Ball, location: 2F
1-2: Strikes out looking
Bottom of the 7th over - 1 run(s), 1 hit(s), 0 error(s), 1 left on base; Galesburg 0 - Athletic Club KC 1
TOP OF THE 8TH
Galesburg Guzzlers batting - Pitching for Athletic Club KC U-21 : RHP Juan Gusmán
Pitching: RHP Roland Allen
Now at 3B: Enrique Miranda
Batting: RHB Toussiant L'Ouverture 0-0: SINGLE (Line Drive, 34)
Pitching: RHP Kas Groen
Batting: RHB Roland Deschain 0-0: Sac Bunt - play at second, runner OUT! 5-6
Pinch Hitting: RHB Tripp Donahue 0-0: Ball
1-0: Foul Ball, location: 2F
1-1: Swinging Strike
1-2: Strikes out swinging
Batting: RHB Javier De Jesús 0-0: Ball
1-0: Ball
2-0: Fielders Choice at 2nd, U6 (Groundball, 6M)
Top of the 8th over - 0 run(s), 1 hit(s), 0 error(s), 1 left on base; Galesburg 0 - Athletic Club KC 1
BOTTOM OF THE 8TH
Athletic Club KC U-21 batting - Pitching for Galesburg Guzzlers : LHP Jim Unknown
Now at 3B: Bubba Blevins
Batting: RHB Alfonso Ciucio 0-0: Ball
1-0: Foul Ball, location: 2F
1-1: Ball
2-1: Fly out, F8 (Flyball, 8LM)
Batting: RHB Felipe Pabalate 0-0: Ball
1-0: Called Strike
1-1: Ball
2-1: Foul Ball, location: 2F
2-2: SINGLE (Groundball, 4MD)
Batting: LHB Manuel Domínguez 0-0: Hit by Pitch
Felipe Pabalate to second
Batting: LHB Naohiro Sakai 0-0: Foul Ball, location: 2F
0-1: Ball
1-1: Ball
2-1: SINGLE (Line Drive, 34D)
Felipe Pabalate to third
Manuel Domínguez to second
Batting: RHB Diego Bonilla 0-0: Ball
1-0: Ball
2-0: Swinging Strike
2-1: Fly out, F9 (Flyball, 9M)
Runner from 3rd tags up, OUT at HOME
Bottom of the 8th over - 0 run(s), 2 hit(s), 0 error(s), 2 left on base; Galesburg 0 - Athletic Club KC 1
TOP OF THE 9TH
Galesburg Guzzlers batting - Pitching for Athletic Club KC U-21 : RHP Kas Groen
Pitching: LHP Alonso Muñíz
Pinch Hitting: RHB Meka Knight 0-0: Ball
1-0: Fly out, F9 (Popup, 4D)
Batting: RHB Frank Crocker 0-0: Ball
1-0: Called Strike
1-1: Foul Ball, location: 2F
1-2: Strikes out swinging
Batting: RHB Carlos Cardona 0-0: Ball
1-0: Called Strike
1-1: Swinging Strike
1-2: Strikes out looking
Top of the 9th over - 0 run(s), 0 hit(s), 0 error(s), 0 left on base; Galesburg 0 - Athletic Club KC 1
This league is powered by Out of the Park Baseball, the baseball management simulation game for PC, Mac and Linux
Friday, July 8th, 2016 - OOTP Baseball 16.9 Build 39